 Dungeon Crawl Stone Soup version 0.29.1-14-g9c671dbff4 (webtiles) character file.

Game seed: 5178435914072444554

477 cvb the Firebug (level 7, -11/61 HPs)
             Began as a Meteoran Cinder Acolyte on Feb 15, 2023.
             Was an Initiate of Yredelemnul.
             Mangled by an ogre
             ... wielding a +0 giant club
              (22 damage)
             ... on level 6 of the Dungeon on Feb 17, 2023.
             The game lasted 00:24:57 (1733 turns).

cvb the Firebug (Meteoran Cinder Acolyte)           Turns: 1733, Time: 00:25:05

Health: -11/61     AC:  6    Str: 17    XL:     7   Next: 59%
Magic:  23/23      EV: 11    Int: 12    God:    Yredelemnul [......]
Gold:   146        SH:  0    Dex: 17    Spells: 14/14 levels left

rFire   . . .      SeeInvis +   m - +3 spear of the Chickpea {vorpal, rElec MP+9 Int-3 SInv}
rCold   . . .      Faith    .   (no shield)
rNeg    . . .      Spirit   .   r - +3 leather armour
rPois   .          Reflect  .   (no helmet)
rElec   +          Harm     .   (no cloak)
rCorr   .          Rampage  .   (no gloves)
Will    .....                   (no boots)
Stlth   +.........              e - amulet of regeneration
HPRegen 1.00/turn               f - +6 ring of dexterity
MPRegen 0.18/turn               (no ring)

@: lethally poisoned (-11 -> -14), glowing, fire susceptible
A: sense surroundings 1, otherworldly, glowing, explore regen
a: Renounce Religion, Recall Undead Harvest


You were on level 6 of the Dungeon.
You worshipped Yredelemnul.
Yredelemnul was noncommittal.
You visited 1 branch of the dungeon, and saw 6 of its levels.

You collected 146 gold pieces.

Inventory:

Hand Weapons
 a - a -1 falchion of flaming
 h - a +0 dagger of electrocution
 m - the +3 spear of the Chickpea (weapon) {vorpal, rElec MP+9 Int-3 SInv}
   (You found it on level 3 of the Dungeon)

   It inflicts extra damage upon your enemies.
   Int:       It affects your intelligence (-3).
   rElec:     It insulates you from electricity.
   MP:        It affects your magic capacity (+9).
   SInv:      It lets you see invisible.
 o - a +0 flail
 v - a +2 long sword of holy wrath
Missiles
 j - 2 poisoned darts (quivered)
Armour
 b - a +0 robe
 c - a +0 chain mail
 r - a +3 leather armour (worn)
Jewellery
 e - an amulet of regeneration (around neck)
 f - a +6 ring of dexterity (left hand)
Scrolls
 l - a scroll of silence {unknown}
 p - a scroll of teleportation {unknown}
 q - a scroll of fear
 s - 2 scrolls of enchant armour {unknown}
 t - a scroll of poison {unknown}
Potions
 d - a potion of might {unknown}
 g - 2 potions of resistance {unknown}
 i - a potion of haste {unknown}
 k - a potion of attraction {unknown}
 n - 2 potions of mutation {unknown}
 u - a potion of brilliance {unknown}


   Skills:
 * Level 5.0 Fighting
 + Level 1.2(3.3) Short Blades
 + Level 5.4(5.5) Long Blades
 * Level 4.3 Spellcasting
 * Level 5.6 Fire Magic


You had 14 spell levels left.
You didn't know any spells.
Your spell library contained the following spells:

 Spells                   Type           Power      Damage    Failure   Level
 Scorch                   Fire           32%        2d6       4%          2
 Blink                    Tloc           4%         N/A       36%         2
 Lesser Beckoning         Tloc           2%         N/A       61%         3
 Manifold Assault         Tloc           2%         N/A       100%        5


Dungeon Overview and Level Annotations

Branches:
Dungeon (6/15) Zot: 1851   Temple (0/1) D:6

Altars:
Elyvilon
Fedhas
Kikubaaqudgha
Qazlal
Ru
Uskayaw
Vehumet
Yredelemnul

Annotations:
D:3 1 exclusion


Innate Abilities, Weirdness & Mutations

You passively map a small area around you.
You are easily found by Zot.
You glow in the dark.
You regain HP and MP as you explore.


Message History

You feel sick.
You feel sick.
You feel sick.
You are no longer poisoned.
There is a stone staircase leading down here.
You climb downwards.
You hear the sound of rushing water.
There is an entrance to a sewer on this level.
Hurry and find it before the portal rusts away!
The water moccasin hisses angrily.
The adder hisses angrily.
The ogre shouts!
Found a glowing dagger.
Found a stone staircase leading up.
There is a stone staircase leading up here.
The adder closely misses you.
You closely miss the adder. The adder bites you.
You are poisoned.
The adder poisons you!
You hit the adder.
The adder is moderately wounded.
You feel sick. The adder bites you but does no damage.
The ogre hits you with a +0 giant club!!
The adder misses you.
You barely miss the adder.
The adder is moderately wounded.
You feel sick. The adder bites you.
You closely miss the adder.
The adder is moderately wounded.
You feel sick.
You are no longer poisoned.
The adder bites you but does no damage.
The ogre hits you with a +0 giant club!!
* * * LOW HITPOINT WARNING * * *
The water moccasin bites you but does no damage.
There is a stone staircase leading up here.
The water moccasin bites you.
* * * LOW HITPOINT WARNING * * *
You are poisoned.
The water moccasin poisons you! The adder bites you.
* * * LOW HITPOINT WARNING * * *
The ogre hits you with a +0 giant club!!
You die...
Your body rises from the dead as a mindless zombie.

* * .. ..#..).
..# * , . .,
.....,.... * ,
, .. #.
....##.... ,
#..#.##...#....
#............#
,
....<........#
,
.......SS...###
,
.......@O.....#
..#....##.....#
....... *#.#..#
, .......,
.#*## * ......#
# *......*, , *
...... .....# ,
, *


You could see a water moccasin, an ogre and an adder.

Vanquished Creatures
  A gnoll sergeant (D:5)
  A necrophage (D:5)
  2 scorpions
  A hound (D:4)
  A gnoll bouda (D:4)
  An orc wizard (D:4)
  6 gnolls
  2 adders (D:5)
  2 white imps
  2 ufetubi (D:5)
  5 orcs
  A ball python (D:2)
  4 bats (D:1)
  6 endoplasms
  3 giant cockroaches (D:4)
  2 goblins (D:1)
  A hobgoblin (D:1)
  7 jackals
  4 quokkas
  A frilled lizard (D:1)
  4 kobolds
  5 rats
62 creatures vanquished.

Vanquished Creatures (others)
  17 foxfires
  8 plants (D:4)
25 creatures vanquished.

Grand Total: 87 creatures vanquished

Notes
Turn   | Place    | Note
-------+----------+-------------------------------------------
     0 | D:1      | cvb the Meteoran Cinder Acolyte began the quest for the
                  | Orb.
     0 | D:1      | Reached XP level 1. HP: 19/19 MP: 3/3
    89 | D:1      | Found a faded altar of an unknown god.
   191 | D:1      | Reached XP level 2. HP: 26/26 MP: 5/5
   498 | D:1      | Glimpsed the power of Zot.
   529 | D:1      | Reached XP level 3. HP: 28/31 MP: 6/6
   549 | D:1      | Glimpsed the power of Zot.
   914 | D:3      | Identified the +3 spear of the Chickpea {vorpal, rElec MP+9
                  | Int-3 SInv}
   924 | D:3      | Reached XP level 4. HP: 39/40 MP: 8/8
  1075 | D:4      | Noticed a scorpion
  1083 | D:4      | Killed a scorpion
  1084 | D:4      | Reached XP level 5. HP: 46/46 MP: 10/10
  1402 | D:4      | Reached XP level 6. HP: 49/52 MP: 11/11
  1411 | D:4      | Reached skill level 5 in Long Blades
  1416 | D:4      | Reached skill level 5 in Fire Magic
  1536 | D:5      | Entered Level 5 of the Dungeon
  1564 | D:5      | Reached XP level 7. HP: 58/60 MP: 13/13
  1591 | D:5      | Reached skill level 1 in Short Blades
  1639 | D:5      | Reached skill level 5 in Fighting
  1644 | D:5      | Found a basalt altar of Yredelemnul.
  1651 | D:5      | Found an ancient bone altar of Kikubaaqudgha.
  1656 | D:5      | Fell from the grace of Ignis
  1656 | D:5      | Became a worshipper of Yredelemnul the Dark
  1661 | D:5      | Found a hide-covered altar of Uskayaw.
  1661 | D:5      | Found a blossoming altar of Fedhas.
  1661 | D:5      | Found a stormy altar of Qazlal.
  1664 | D:5      | Found a white marble altar of Elyvilon.
  1665 | D:5      | Found a sacrificial altar of Ru.
  1666 | D:5      | Found a radiant altar of Vehumet.
  1726 | D:6      | Noticed a water moccasin
  1733 | D:6      | Mangled by an ogre

Illustrated notes

Levels and vault maps discovered:
D:1:      minmay_arrival_solitary_statue, layout_basic,
          hellmonk_ecumenical_altar_heavens_door, minmay_stone_trees_medium
D:2:      layout_basic, minmay_misc_feat_tower, uniq_crazy_yiuf_cottage
D:3:      layout_loops_ring, lightli_corner_chamber
D:4:      layout_rooms, minmay_misc_feat_encased, serial_bayou_ford_a
D:5:      layout_loops_ring, minitemple
D:6:      layout_cave_pools, minmay_temple_entry_antechambers,
          gup_sewer_entry_pipe, hangedman_abyss_or_decor_jellyfish_corner

Skill      XL: |  1  2  3  4  5  6  7 |
---------------+----------------------+-----
Long Blades    | 4 5 |  5.4
Spellcasting   | 2 3 4 |  4.3
Fire Magic     | 4 5 |  5.6
Fighting       | 4 5 |  5.0
Short Blades   | 1 |  1.2

Action                   |  1- 3 |  4- 6 |  7- 9 || total
-------------------------+-------+-------+-------++-------
Melee: Falchion          |    25 |       |       ||    25
       Dagger            |    40 |       |       ||    40
       Spear             |       |    86 |    16 ||   102
       Punch             |       |     1 |       ||     1
Invok: Fiery Armour      |     2 |     2 |       ||     4
       Foxfire Swarm     |     2 |       |       ||     2
       Rising Flame      |     1 |       |       ||     1
       Recall Undead Har |       |       |     1 ||     1
  Use: Potion            |     1 |       |       ||     1
       Scroll            |       |     1 |       ||     1
Armor: Robe              |    28 |       |       ||    28
       Chain mail        |    34 |    57 |       ||    91
       Leather armour    |       |    35 |     9 ||    44
Dodge: Dodged            |    24 |    36 |    10 ||    70
